← All builds
Geo / Legion / Economy first / OBSERVED BUILD

Standard geo

Legion Geo build order · Supreme Isthmus

Geo opens Legion Bot Lab then reclaims it for a Vehicle Plant, builds geothermal and advanced geothermal, blows the commander for T2, and transitions into T2 vehicles (Cicero, Charon, Legion Drone) to supply front and allies.

Usually blows up the commander for T2 (74%)

#eco #t2 · 23 distinct matches · 13 players · 24% of Legion Geo games · team won 30% of 23 · Recently observed

THE CATCH, AND WHAT COMES WITH IT
  • CiceroRadar jammer in 61%16% of all Geo games by then
  • MedusaMedusa in 57%16% of all Geo games by then
  • GladiatorGladiator in 52%16% of all Geo games by then
  • CharonFlak in 48%15% of all Geo games by then

Then transitions into Gladiator (16% of army), Medusa (15% of army), transport (12% of army).

HOW TO PLAY IT

Key timing: Geothermal Powerplant by 3:22

  1. Open mex and wind, then build Legion Bot Lab for early units.
  2. Finish Legion Bot Lab fast, planning to eat it at 3:17.
  3. Build geothermal, then advanced geothermal by 7:05 for power.
  4. Reclaim bot lab into Legion Vehicle Plant, then Advanced Vehicle Plant.
  5. Transition into T2 vehicles like Cicero and Charon for front and allies.

Phase by phase

TYPICAL OF ITS 23 GAMES · AGAINST STANDARD GEO
  1. 1
  2. 2
  3. 3
  4. 4
PLAY THE OPENING

Follow the example game's first 6:00 step by step: what to build now, what comes next, and where it goes. At 1× it keeps pace with your own game.

  1. 1

    Up to the Legion Bot Lab

    Economy
    • Metal Extractor2Mex
    • Wind Turbine4Wind+2 vs standard
    Order
    1. Legion Bot LabLegion Bot Lab after 2 mex, 4 winddone ~0:59, middle half 0:54–1:19

    By 0:42 in all: 2 mex · 4 wind (standard 2)

    The example game in this phase · 3 steps
    1. Mex ×3
    2. Wind ×4
    3. Legion Bot LabLegion Bot Labdone 1:22 · typical 0:59
  2. 2

    Legion Bot Lab to 5:00

    Economy
    • Metal Extractor2Mex
    • Wind Turbine4Wind
    • Energy Converter8Converter
    • Energy Storage1Energy storage
    Order
    1. Geothermal PowerplantGeo after 4 mex, 7 wind, 1 energy storage
    2. Legion Bot LabEat Legion Bot Lab
    Builders
    • Construction Turret6 Con turret
    • Zagreus5 Zagreus
    • Legion Construction Bot2 Legion Construction Bot
    • Legion Construction Bot1 Legion Construction Bot for allies
    • Zagreus1 Zagreus for allies

    Some games also: Goblin (35%)

    By 5:00 in all: 4 mex · 8 wind (standard 6) · 1 geo · 8 converter · 1 energy storage · 6 con turret

    The example game in this phase · 27 steps
    1. Legion Construction BotLegion Construction Bot
    2. Wind ×3
    3. ZagreusZagreus
    4. Wind
    5. ZagreusZagreus ×2
    6. Mex
    7. Legion Construction BotLegion Construction Bot
    8. ZagreusZagreus
    9. Con turret
    10. Geothermal PowerplantGeodone 3:23 · typical 3:23
    11. Legion Bot LabEat Legion Bot Labreclaimed for its metal
    12. Con turret ×2
    13. Converter ×2
    14. Con turret
    15. Converter ×2
    16. Con turret
    17. Radar TowerRadar Tower
    18. Converter
    19. Con turret
    20. Converter
    21. Con turret
    22. Converter ×4
    23. Wind
    24. Converter
    25. Wind ×2
    26. Converter
    27. Wind ×10
  3. 3

    5:00 to Legion Vehicle Plant

    Economy
    • Energy Converter2Converter
    Order
    1. Advanced Geothermal PowerplantAdvanced Geothermal Powerplant after 8 wind, 10 converter, 6 con turretin 65% of games
    2. Legion Vehicle PlantLegion Vehicle Plant after 8 wind, 10 converter, 6 con turretdone ~7:18, middle half 6:57–7:34

    Some games also: con turret (48%) · wind (39%)

    By 7:07 in all: 4 mex · 8 wind · 1 geo · 1 Advanced Geothermal Powerplant · 10 converter · 1 energy storage

    The example game in this phase · 4 steps
    1. Wind ×20
    2. Metal storage
    3. Wind ×9
    4. Legion Vehicle PlantLegion Vehicle Plantdone 6:23 · typical 7:18
  4. 4

    Legion Vehicle Plant to 10:00

    Economy
    • Wind Turbine3Wind+3 vs standard
    • Energy Converter6Converter
    Order
    1. Advanced Vehicle PlantAdvanced Vehicle Plant after 8 wind, 10 converter, 6 con turret
    2. Legion Vehicle PlantEat Legion Vehicle Plant
    Builders
    • Legion Construction Vehicle1 Legion Construction Vehicle

    Some games also: radar jammer (43%) · mobile radar (43%) · T2 con vehicle for allies (39%) · Medusa (39%) · con turret (39%)

    The standard build makes here, this one skips: 2 Arquebus

    By 10:00 in all: 4 mex · 16 wind (standard 9) · 1 geo · 1 Advanced Geothermal Powerplant · 19 converter · 1 energy storage

    The example game in this phase · 254 steps
    1. Con turret
    2. Legion Construction VehicleLegion Construction Vehicle
    3. Wind
    4. Legion Construction VehicleLegion Construction Vehicle
    5. Wind
    6. Advanced Metal ExtractorT2 mex ×2done 6:55 · typical 5:54
    7. Wind
    8. Advanced Geothermal PowerplantAdvanced Geothermal Powerplantdone 8:53 · typical 7:10
    9. Legion Vehicle PlantEat Legion Vehicle Plantreclaimed for its metal
    10. Advanced Metal ExtractorT2 mex
    11. Wind ×2
    12. Advanced Metal ExtractorT2 mex
    13. Con turret
    14. Wind ×3
    15. Converter ×2
    16. Advanced Vehicle PlantAdvanced Vehicle Plantdone 9:13 · typical 8:25
    17. Converter ×3
    18. Advanced Construction VehicleT2 con vehiclefor Suicide front
    19. Converter
    20. MantisTransportdone 9:32 · typical 9:19
    21. Converter
    22. Wind
    23. Legion DroneLegion Drone
    24. Converter
    25. Legion DroneLegion Drone ×2
    26. MantisTransport
    27. Wind
    28. Converter
    29. Legion DroneLegion Drone ×3
    30. MantisTransport
    31. Legion DroneLegion Drone ×2
    32. Converter
    33. Legion DroneLegion Drone ×3
    34. MantisTransport
    35. Wind
    36. Legion DroneLegion Drone
    37. Converter
    38. Legion DroneLegion Drone ×3
    39. MantisTransport
    40. Legion DroneLegion Drone ×2
    41. Converter
    42. Wind
    43. Legion DroneLegion Drone ×4
    44. MantisTransport
    45. Converter
    46. Legion DroneLegion Drone ×3
    47. Converter
    48. Wind
    49. Legion DroneLegion Drone ×3
    50. MantisTransport
    51. Legion DroneLegion Drone ×3
    52. Converter
    53. Wind
    54. Legion DroneLegion Drone ×3
    55. MantisTransport
    56. Legion DroneLegion Drone ×3
    57. Converter
    58. Wind
    59. Legion DroneLegion Drone ×4
    60. MantisTransport
    61. Converter
    62. Legion DroneLegion Drone ×2
    63. Wind
    64. Converter
    65. Legion DroneLegion Drone ×4
    66. MantisTransport
    67. Legion DroneLegion Drone ×2
    68. Wind ×2
    69. Legion DroneLegion Drone ×5
    70. MantisTransport
    71. Legion DroneLegion Drone
    72. Wind ×2
    73. Legion DroneLegion Drone ×5
    74. MantisTransport
    75. Legion DroneLegion Drone
    76. Wind ×2
    77. Legion DroneLegion Drone ×4
    78. Wind
    79. Legion DroneLegion Drone
    80. MantisTransport
    81. Legion DroneLegion Drone
    82. Wind
    83. Legion DroneLegion Drone ×2
    84. Wind
    85. Legion DroneLegion Drone ×3
    86. MantisTransport
    87. Legion DroneLegion Drone
    88. Wind
    89. Legion DroneLegion Drone
    90. Wind
    91. Legion DroneLegion Drone ×3
    92. Wind ×2
    93. Legion DroneLegion Drone ×2
    94. MantisTransport
    95. Legion DroneLegion Drone
    96. Wind
    97. Legion DroneLegion Drone ×2
    98. Wind
    99. Legion DroneLegion Drone ×2
    100. Wind
    101. Legion DroneLegion Drone
    102. MantisTransport
    103. Legion DroneLegion Drone
    104. Wind
    105. Legion DroneLegion Drone ×5
    106. Wind
    107. Legion DroneLegion Drone
    108. Wind
    109. Legion DroneLegion Drone
    110. MantisTransport
    111. Legion DroneLegion Drone
    112. Wind
    113. Legion DroneLegion Drone
    114. Wind
    115. Legion DroneLegion Drone ×4
    116. Wind ×2
    117. Legion DroneLegion Drone ×2
    118. MantisTransport
    119. Legion DroneLegion Drone
    120. Wind ×2
    121. Legion DroneLegion Drone ×3
    122. Wind
    123. Legion DroneLegion Drone
    124. Wind
    125. Legion DroneLegion Drone
    126. Wind
    127. Legion DroneLegion Drone ×3
    128. MantisTransport
    129. Legion DroneLegion Drone
    130. Wind ×2
    131. Legion DroneLegion Drone
    132. Wind
    133. Legion DroneLegion Drone ×2
    134. Wind
    135. Legion DroneLegion Drone ×6
    136. MantisTransport
    137. Legion DroneLegion Drone
    138. Wind
    139. Legion DroneLegion Drone
    140. Wind
    141. Legion DroneLegion Drone
    142. Wind
    143. Legion DroneLegion Drone ×9
    144. Wind
    145. Legion DroneLegion Drone ×2
    146. Wind ×2
    147. Legion DroneLegion Drone
    148. MantisTransport
    149. Legion DroneLegion Drone
    150. Wind
    151. Legion DroneLegion Drone ×2
    152. Wind
    153. Legion DroneLegion Drone ×4
    154. Wind
    155. Legion DroneLegion Drone ×2
    156. Wind
    157. Legion DroneLegion Drone
    158. Wind
    159. Legion DroneLegion Drone ×2
    160. MantisTransport
    161. Legion DroneLegion Drone ×3
    162. Wind ×2
    163. Legion DroneLegion Drone
    164. Wind
    165. Legion DroneLegion Drone ×12
    166. Wind
    167. Legion DroneLegion Drone
    168. MantisTransport
    169. Legion DroneLegion Drone
    170. Wind
    171. Legion DroneLegion Drone ×4
    172. Wind ×2
    173. Legion DroneLegion Drone ×9
    174. Wind
    175. Legion DroneLegion Drone ×4
    176. MantisTransport
    177. Wind
    178. Legion DroneLegion Drone ×2
    179. Wind
    180. Legion DroneLegion Drone ×2
    181. Wind
    182. Legion DroneLegion Drone ×2
    183. MantisTransport
    184. Legion DroneLegion Drone
    185. Wind
    186. Legion DroneLegion Drone ×4
    187. Wind
    188. Legion DroneLegion Drone ×3
    189. Wind
    190. Legion DroneLegion Drone ×4
    191. Wind
    192. Legion DroneLegion Drone ×3
    193. MantisTransport
    194. Legion DroneLegion Drone
    195. Wind
    196. Legion DroneLegion Drone
    197. GladiatorGladiatordone 13:34 · typical 9:32
    198. Legion DroneLegion Drone ×2
    199. Wind
    200. Legion DroneLegion Drone
    201. Wind ×2
    202. Legion DroneLegion Drone ×3
    203. Wind
    204. Legion DroneLegion Drone ×3
    205. GladiatorGladiator
    206. Legion DroneLegion Drone ×3
    207. Wind ×2
    208. Legion DroneLegion Drone ×4
    209. GladiatorGladiator
    210. Legion DroneLegion Drone ×5
    211. Wind ×2
    212. Legion DroneLegion Drone ×2
    213. Wind
    214. GladiatorGladiator
    215. Legion DroneLegion Drone ×7
    216. Wind
    217. Legion DroneLegion Drone ×2
    218. GladiatorGladiator
    219. Legion DroneLegion Drone
    220. Wind ×2
    221. GladiatorGladiator
    222. Wind
    223. Legion DroneLegion Drone
    224. Wind
    225. Legion DroneLegion Drone ×2
    226. Wind
    227. GladiatorGladiator
    228. Wind
    229. Legion DroneLegion Drone ×2
    230. Wind
    231. Legion DroneLegion Drone
    232. Wind
    233. GladiatorGladiator
    234. Wind
    235. Legion DroneLegion Drone
    236. Wind
    237. GladiatorGladiator
    238. Legion DroneLegion Drone ×3
    239. Wind ×2
    240. Legion DroneLegion Drone ×2
    241. GladiatorGladiator
    242. Legion DroneLegion Drone
    243. Wind ×2
    244. Legion DroneLegion Drone ×2
    245. GladiatorGladiator
    246. Legion DroneLegion Drone ×5
    247. Wind
    248. Legion DroneLegion Drone ×3
    249. Wind
    250. Legion DroneLegion Drone ×9
    251. GladiatorGladiator
    252. Legion DroneLegion Drone ×4
    253. Wind ×2
    254. Legion DroneLegion Drone ×12

Counts are medians over the build's games: half of them build more, half fewer. The example game is BigJohnny2's (31 OS, 27/09/2026); pick another.

Team trades

IN AT LEAST 30% OF ITS GAMES

You hand over

  • Zagreus1 Zagreus to Beach sea or Front or Suicide frontfirst at 2:06 · in 61% of games
  • Legion Construction Bot1 Legion Construction Bot to Beach sea or Pondfirst at 2:24 · in 74% of games
  • Advanced Construction Vehicle1 T2 con vehicle to Suicide front or Frontfirst at 9:13 · in 52% of games

You get

  • Advanced Metal Extractor1 T2 mex from Techfirst at 5:00 · in 30% of games
  • Advanced Construction Bot1 T2 con bot from Techfirst at 5:10 · in 87% of games

How it plays out

Typical game of this build, running totals by minute

Metal produced

020k40k
0:005:0010:0015:00

metal

Enemy metal destroyed

05k10k15k
0:005:0010:0015:00

metal

Own metal lost

02k4k6k
0:005:0010:0015:00

metal

23 games.

Show as table
ByMetal produced: This buildEnemy metal destroyed: This buildOwn metal lost: This build
1:0033100
2:0082800
3:00154700
4:00277400
5:00375600
6:00533900
7:007762050
8:0010951050
9:00140493290
10:0016880270214
11:0019793615222
12:00227162505389
13:002595755441010
14:002875187452780
15:0031733107654640
WHAT THE NUMBERS SAY

Standard geo play with the biggest eco of any role shown, but team still won under half its games.

  • + Produces 32330 metal by 15:00, more than any other role's standard build.
  • − Team won only 40% of games despite dominating metal production.
THE EXAMPLE YOU ARE READING

BigJohnny2

31.2 OS · 27/09/2026

Open source match ↗

1 received units · includes a constructor
2129 metal received · 27553 energy received

Allied construction assistance is unknown. Timings are observations, not a promise of solo reproducibility.

Typical milestones

Legion Bot Lab0:59Middle 50%: 0:54–1:19 · n=23
Geothermal Powerplant3:23Middle 50%: 3:13–3:31 · n=23
Advanced Metal Extractor5:54Middle 50%: 5:23–6:20 · n=20
Advanced Geothermal Powerplant7:10Middle 50%: 7:02–7:31 · n=18
Legion Vehicle Plant7:18Middle 50%: 6:57–7:34 · n=20
Advanced Vehicle Plant8:25Middle 50%: 7:55–8:40 · n=20
Mantis9:19Middle 50%: 8:37–11:54 · n=12
Medusa9:23Middle 50%: 8:51–9:48 · n=12
Gladiator9:32Middle 50%: 8:55–10:51 · n=14

Played most by

[Grump]Matsuri5games of this build[Crd]Atlas4games of this buildGodmother132games of this buildLexosis2games of this buildYogaBoy1584972games of this build